 Dungeon Crawl Stone Soup version 0.23.0-33-g5e6c059 (webtiles) character file.

Game seed: 13360336688794925673

60 Kairos the Skirmisher (level 4, -4/38 HPs)
             Began as a Formicid Abyssal Knight on Feb 26, 2019.
             Was a Follower of Lugonu.
             Slain by a gnoll
             ... wielding a +0 spear
              (8 damage)
             ... on level 2 of the Dungeon.
             The game lasted 00:02:54 (616 turns).

Kairos the Skirmisher (Formicid Abyssal Knight)      Turns: 616, Time: 00:02:55

Health: -4/38      AC:  3    Str: 15 (18) XL:     4   Next: 25%
Magic:  5/5        EV: 11    Int:  9 (11) God:    Lugonu [*.....]
Gold:   206        SH:  0    Dex:  8 (10) Spells: 3/3 levels left

rFire    . . .     SeeInvis +   f - +2 spear (flame)
rCold    . . .     Gourm    .   (no shield)
rNeg     . . .     Faith    .   b - +0 leather armour
rPois    .         Spirit   .   (helmet unavailable)
rElec    .         Reflect  .   (no cloak)
rCorr    .         Harm     .   (no gloves)
MR       .....                  (no boots)
Stlth    +.........             (no amulet)
HPRegen  0.12/turn              (no ring)
MPRegen  0.09/turn              (no ring)

@: lethally poisoned (-4 -> -6)
A: permanent stasis, dig shafts and tunnels, four strong arms, antennae 3
a: Dig, Shaft Self, Depart the Abyss, Renounce Religion


You were on level 2 of the Dungeon.
You worshipped Lugonu.
Lugonu was aware of your devotion.
You were not hungry.

You visited 1 branch of the dungeon, and saw 2 of its levels.
You visited the Abyss 1 time.

You collected 206 gold pieces.

Inventory:

Hand Weapons
 a - a +1 spear
 f - a +2 spear of flaming (weapon)
Armour
 b - a +0 leather armour (worn)
Jewellery
 d - an uncursed ring of ice
Scrolls
 h - a scroll of fear {unknown}
 k - a scroll of random uselessness {unknown}
 l - a scroll of remove curse {unknown}
 m - a scroll of magic mapping {unknown}
Comestibles
 c - a ration


   Skills:
 + Level 4.5 Fighting
 + Level 2.2 Polearms
 + Level 3.1 Armour
 + Level 0.8 Dodging
 + Level 2.2 Invocations


You had 3 spell levels left.
You didn't know any spells.
Your spell library contained the following spells:

 Spells                   Type           Power        Failure   Level  Hunger
 Freeze                   Ice            #...         45%         1    ##.....
 Throw Frost              Conj/Ice       #.....       58%         2    ###....
 Ozocubu's Armour         Chrm/Ice       #.......     83%         3    ####...
 Summon Ice Beast         Ice/Summ       #.......     99%         4    #####..
 Throw Icicle             Conj/Ice       #.......     99%         4    #####..


Dungeon Overview and Level Annotations

Branches:
Dungeon (1/15)

Altars:


Innate Abilities, Weirdness & Mutations

You cannot be hasted, slowed, berserked, paralysed or teleported.
You can dig through walls and to a lower floor.
Your four strong arms can wield two-handed weapons with a shield.
You have a pair of large antennae on your head. (SInv)


Message History

You have reached level 4!
You feel stronger. The adder barely misses you.
You puncture the adder! You burn the adder.
The adder is almost dead.
The gnoll barely misses you. The adder bites you.
You are poisoned.
The adder poisons you!
You hit the adder. You burn the adder.
You kill the adder!
Lugonu accepts your kill.
You feel sick. The gnoll misses you.
The gnoll hits you from afar with a +0 spear!
* * * LOW HITPOINT WARNING * * *
The gnoll closely misses you.
You see here an adder corpse.
You hit the gnoll but do no damage.
The gnoll is lightly wounded.
The gnoll hits you from afar with a +0 spear!
You die...

#### #.. { #.# #.#
#.# #.# #@# #.#
#g# #.# #g# #S#
#.# #.#
#.##########.#####
#....gg...........
#.##########.#####
#.# #.# #>. ... {


You could see 2 gnolls.

Vanquished Creatures
  4 adders (D:2)
  A gnoll (D:2)
  A dart slug (D:1)
  A giant cockroach (D:2)
  A goblin (D:2)
  2 hobgoblins
  4 kobolds (D:2)
  3 frilled lizards
  2 rats
19 creatures vanquished.

Notes
Turn   | Place    | Note
-------+----------+-------------------------------------------
     0 | Abyss:1  | Kairos the Formicid Abyssal Knight began the quest for the
                  | Orb.
     0 | Abyss:1  | Reached XP level 1. HP: 18/18 MP: 2/2
    31 | Abyss:2  | Found a corrupted altar of Lugonu.
   123 | Abyss:3  | Noticed a large abomination
   135 | Abyss:3  | Noticed a large abomination
   178 | Abyss:3  | Noticed a large abomination
   193 | Abyss:3  | Noticed an ancient zyme
   205 | D:1      | Escaped the Abyss
   255 | D:1      | Reached XP level 2. HP: 21/24 MP: 3/3
   302 | D:1      | You fall through a shaft!
   309 | D:2      | Reached skill level 4 in Fighting
   503 | D:2      | Reached * piety under Lugonu
   503 | D:2      | Reached XP level 3. HP: 30/30 MP: 4/4
   612 | D:2      | Reached XP level 4. HP: 16/38 MP: 5/5
   616 | D:2      | Slain by a gnoll

Skill      XL: |  1  2  3 |
---------------+----------+-----
Fighting       | 4 |  4.5
Armour         | 3 |  3.1
Polearms       | |  2.2
Dodging        | |  0.8
Invocations    | |  2.2

Action                   |  1- 3 |  4- 6 || total
-------------------------+-------+-------++-------
Melee: Spear             |    40 |     3 ||    43
Invok: Depart the Abyss  |     1 |       ||     1
  Use: Potion            |     4 |       ||     4
Armor: Leather armour    |    10 |       ||    10
       Skin              |     2 |       ||     2
Dodge: Dodged            |    15 |     4 ||    19
